 Dungeon Crawl Stone Soup version 0.31-a0-233-g139696dc86 (webtiles) character file.

Game seed: 2511484796288328920

261 qw the Shooter (level 6, -1/37 HPs)
             Began as a Gargoyle Hexslinger on July 8, 2023.
             Slain by a goblin
             ... wielding a +0 club
             ... led by Robin
              (4 damage)
             ... on level 4 of the Dungeon.
             The game lasted 00:01:04 (2516 turns).

qw the Shooter (Gargoyle Hexslinger)                Turns: 2516, Time: 00:01:04

Health: -1/37      AC: 13    Str: 12    XL:     6   Next: 18%
Magic:  7/7        EV: 10    Int: 13    God:
Gold:   102        SH:  0    Dex: 14    Spells: 6/7 levels left

rFire   . . .        d - +0 orcbow
rCold   . . .        (shield currently unavailable)
rNeg    + . .        a - +0 ring mail
rPois   inf          (no helmet)
rElec   +            (no cloak)
rCorr   .            f - +2 pair of gloves
SInv    .            b - +0 pair of boots
Will    .....        (no amulet)
Stlth   +            (no ring)
HPRegen 0.26/turn    (no ring)
MPRegen 0.10/turn

%: no passive effects
@: no status effects
A: sickness immunity, AC +4, negative energy resistance 1, electricity
resistance, torment resistance 1, petrification resistance
a: no special abilities


You were on level 4 of the Dungeon.
You visited 1 branch of the dungeon, and saw 4 of its levels.

You collected 140 gold pieces.
You spent 38 gold pieces at shops.


Innate Abilities, Weirdness & Mutations

You are immune to sickness and miasma.
Your stone body is resilient. (AC +4)
You are immune to poison.
You resist negative energy. (rN+)
You are resistant to electric shocks. (rElec)
You are resistant to unholy torment.
You are immune to petrification.


   Skills:
 - Level 3.2 Fighting
 + Level 5.4 Ranged Weapons
 - Level 1.0 Armour
 - Level 1.5 Dodging
 - Level 1.0 Spellcasting
 - Level 2.6 Hexes


You had 6 spell levels left.
You knew the following spells:

 Your Spells              Type           Power      Damage    Failure   Level
a - Slow                  Hex            28%        N/A       22%         1

Your spell library contained the following spells:

 Spells                   Type           Power      Damage    Failure   Level
 Inner Flame              Hex/Fire       4%         N/A       73%         3
 Portal Projectile        Hex/Tloc       8%         N/A       73%         3
 Cause Fear               Hex            3%         N/A       91%         4

Inventory:

Hand Weapons
 d - a +0 orcbow (weapon)
Armour
 a - a +0 ring mail (worn)
 b - a +0 pair of boots (worn)
 f - a +2 pair of gloves (worn)
Scrolls
 c - a scroll of identify
Potions
 e - a potion of might {unknown}
 g - a potion of brilliance {unknown}
 i - a potion of heal wounds {unknown}
 j - 2 potions of lignification {unknown}
 k - a potion of curing {unknown}

Dungeon Overview and Level Annotations

Branches:
Dungeon (4/15)
 Temple: D:4-7

Altars:
Uskayaw

Shops:
D:3 [   D:4 (

Annotations:
D:4 Robin


Message History

Robin says, "My goblins will feast on your bones."
The goblin hits you but does no damage. x3
The adder bites you but does no damage. The goblin hits you but does no damage.
The hobgoblin hits you but does no damage.
The goblin misses you. The adder bites you but does no damage.
The goblin barely misses you. The goblin hits you with a +0 club. x2
You shoot an arrow. The arrow hits the adder.
The adder is severely wounded.
The adder bites you but does no damage.
The hobgoblin hits you but does no damage.
The goblin barely misses you.
The goblin hits you but does no damage. x2
The goblin barely misses you.
You shoot an arrow. The arrow misses the adder.
The arrow hits the hobgoblin.
The hobgoblin is severely wounded.
The adder bites you but does no damage. The hobgoblin barely misses you.
The goblin hits you but does no damage. The goblin closely misses you. x2
The goblin hits you but does no damage. The adder bites you but does no damage.
You shoot an arrow. The arrow closely misses the adder.
The arrow hits the hobgoblin.
You kill the hobgoblin!
The adder bites you but does no damage. The hobgoblin closely misses you.
Robin says, "A pitiful Gargoyle like you will never find the ORB!"
The goblin hits you with a +0 dagger. The goblin hits you with a +0 club.
The goblin misses you. The goblin hits you but does no damage.
The adder barely misses you. The goblin closely misses you.
The goblin hits you but does no damage. The hobgoblin completely misses you.
The goblin barely misses you. The goblin closely misses you.
You shoot an arrow. The arrow misses the adder.
The arrow closely misses the hobgoblin.
The adder bites you but does no damage. The hobgoblin hits you.
The goblin hits you but does no damage. The goblin closely misses you.
The goblin completely misses you. The goblin hits you but does no damage.
You shoot an arrow. The arrow closely misses the adder.
The arrow barely misses the hobgoblin.
The adder bites you but does no damage.
The hobgoblin hits you but does no damage.
The adder closely misses you.
The goblin hits you with a +0 dagger of holy wrath.
The goblin barely misses you. The goblin hits you with a +0 club.
You die...

### ##### ####.#
##)..#####.#...
##......#....... ####
##........#..##..
#...###....##...#...###
#....#.....#..##.....#
.#..##ggg.#..........##
.....gg@#.:....%...###
......gS#.\##.....##
.....).g...##....## ###
..).......#.......###..#
.........##........#>..
#.......%..............
#..........#.......#..
.........####......##.
...... #...<..#


You could see Robin, an adder, 2 hobgoblins and 4 goblins.

Vanquished Creatures
  A hound (D:4)
  An iguana (D:4)
  9 gnolls (D:3)
  4 adders
  2 worms
  4 orcs
  4 ball pythons
  7 endoplasms
  5 giant cockroaches
  8 goblins
  13 hobgoblins
  4 kobolds
  A quokka (D:2)
  5 bats
  4 frilled lizards
  6 rats
78 creatures vanquished.

Notes
Turn   | Place    | Note
-------+----------+-------------------------------------------
     0 | D:1      | qw the Gargoyle Hexslinger began the quest for the Orb.
     0 | D:1      | Reached XP level 1. HP: 12/12 MP: 2/2
     0 | D:1      | 0 ||| qw: Version: 0.3-a-46-gb1f654a
     0 | D:1      | 0 ||| qw: Game counter: 3720
     0 | D:1      | 0 ||| qw: Melee chars always use a shield: true
     0 | D:1      | 0 ||| qw: God list: Okawaru
     0 | D:1      | 0 ||| qw: Allow faded altars: false
     0 | D:1      | 0 ||| qw: Do Orc after clearing Dungeon:15 true
     0 | D:1      | 0 ||| qw: Do second Lair branch before Depths: true
     0 | D:1      | 0 ||| qw: Lair rune preference: random
     0 | D:1      | 0 ||| qw: Goals: Normal
     0 | D:1      | 0 ||| PLANNING D:1-11
    67 | D:1      | Reached XP level 2. HP: 16/16 MP: 3/3
    83 | D:1      | 83 ||| DROPPING scroll of poison.
   107 | D:1      | Reached skill level 3 in Ranged Weapons
   137 | D:1      | Found a faded altar of an unknown god.
   306 | D:1      | Reached XP level 3. HP: 10/21 MP: 4/4
   695 | D:1      | 695 ||| UPGRADING to +0 pair of boots.
   700 | D:1      | 700 ||| READING scroll labelled LIVIDAOK UHISK.
  1703 | D:2      | 1703 ||| UPGRADING to +0 ring mail.
  1713 | D:2      | 1713 ||| DROPPING +0 robe.
  1714 | D:2      | 1714 ||| UPGRADING to +2 pair of gloves.
  1779 | D:3      | Reached skill level 1 in Armour
  1781 | D:3      | Reached XP level 4. HP: 26/26 MP: 5/5
  1801 | D:3      | Reached skill level 4 in Ranged Weapons
  1954 | D:3      | Reached XP level 5. HP: 12/30 MP: 6/6
  2141 | D:3      | Found Emetzoyts's Antique Armour Shop.
  2155 | D:3      | Reached skill level 5 in Ranged Weapons
  2190 | D:3      | 2190 ||| SHOPLISTING pair of embroidered gloves (202 gold,
                  | have 138).
  2290 | D:3      | Found a hide-covered altar of Uskayaw.
  2348 | D:3      | 2348 ||| READING 3 scrolls labelled BEZOEF KYELICK.
  2349 | D:3      | 2349 ||| READING scroll labelled YRPHOMNA LUEG.
  2350 | D:3      | 2350 ||| READING 2 scrolls of identify.
  2350 | D:3      | 2350 ||| IDENTIFYING cyan potion
  2351 | D:3      | 2351 ||| DROPPING potion of attraction.
  2367 | D:4      | Found Caliu's Weapon Shoppe.
  2376 | D:4      | Reached skill level 3 in Fighting
  2376 | D:4      | 2376 ||| STAIRDANCE
  2450 | D:4      | Reached XP level 6. HP: 37/37 MP: 7/7
  2460 | D:4      | 2460 ||| BUYING +0 orcbow (38 gold).
  2460 | D:4      | Bought a +0 orcbow for 38 gold pieces
  2460 | D:4      | 2460 ||| SWAPPING to +0 orcbow.
  2461 | D:4      | 2461 ||| DROPPING +2 sling of freezing.
  2502 | D:4      | Noticed Robin
  2515 | D:4      | HP: 7/37 [hobgoblin[Robin] (4)]
  2516 | D:4      | HP: 3/37 [goblin/+0 dagger of holy wrath[Robin] (5)]
  2516 | D:4      | Slain by a goblin

Levels and vault maps discovered:
D:1:      dpeg_arrival_orchard, layout_rooms,
          hellmonk_ecumenical_altar_heavens_door, serial_forest,
          infiniplex_forest_clump_small, infiniplex_forest_lined_3_way,
          infiniplex_forest_lined_corner, infiniplex_forest_straight_2,
          infiniplex_forest_clump_large, infiniplex_forest_lined_2,
          corexii_corridor_pit, skrybe_limestone_x, kennysheep_doodads
D:2:      layout_basic, nicolae_underground_beach
D:3:      layout_rooms, mainiacjoe_overflow_tiny_flanked, serial_shops,
          nicolae_diamond_shop
D:4:      layout_cave_pools, kiku_gazebo_pond_becter,
          gammafunk_ghost_stat_death, serial_shops, shop,
          hangedman_abyss_or_decor_slice, uniq_robin

Skill      XL: |  1  2  3  4  5 |
---------------+----------------+-----
Ranged Weapons | 3 4 5 |  5.4
Fighting       | 2 3 |  3.2
Armour         | 1 |  1.0
Dodging        | |  1.5
Spellcasting   | |  1.0
Hexes          | |  2.6

Action                     |  1- 3 |  4- 6 || total
---------------------------+-------+-------++-------
   Fire: Sling             |   141 |   121 ||   262
         Orcbow            |       |    23 ||    23
    Use: Scroll            |     1 |     3 ||     4
 Armour: Robe              |    28 |       ||    28
         Ring mail         |     2 |   107 ||   109
  Dodge: Dodged            |    46 |   115 ||   161

Table legend:
 A = Non-vault XP
 B = Vault XP
 C = Vault XP percentage of total XP
 D = Non-vault monster count
 E = Vault monster count
 F = Vault count percentage of total count
                 A         B        C        D         E       F
            +---------+---------+-------+---------+---------+-------
      Total |     362 |      11 |   2.9 |      72 |       6 |   7.7
            +---------+---------+-------+---------+---------+-------
        D:1 |      46 |       0 |   0.0 |      28 |       0 |   0.0
        D:2 |      20 |       0 |   0.0 |      13 |       0 |   0.0
        D:3 |     196 |       0 |   0.0 |      25 |       0 |   0.0
        D:4 |     100 |      11 |   9.9 |       6 |       6 |  50.0
            +---------+---------+-------+---------+---------+-------
